 Dungeon Crawl Stone Soup version 0.29.1-4-g47bece8355 (webtiles) character file.

Game seed: 13157922422081257670

1255 venomsnake the Trooper (level 8, -14/74 HPs)
             Began as a Minotaur Berserker on Dec 10, 2022.
             Was a Priest of Trog.
             Demolished by Maggie
             ... wielding a +2 scimitar of flaming
              (15 damage)
             ... on level 6 of the Dungeon.
             The game lasted 00:13:19 (6613 turns).

venomsnake the Trooper (Minotaur Berserker)         Turns: 6613, Time: 00:13:20

Health: -14/74     AC: 14    Str: 24    XL:     8   Next: 26%
Magic:  7/7        EV:  9    Int:  4    God:    Trog [***...]
Gold:   223        SH:  0    Dex: 10    Spells: 7/7 levels left

rFire   . . .      SeeInvis .   v - +0 war axe
rCold   . . .      Faith    .   (no shield)
rNeg    . . .      Spirit   .   q - +0 chain mail
rPois   .          Reflect  .   (helmet restricted)
rElec   .          Harm     .   (no cloak)
rCorr   +          Rampage  .   (no gloves)
Will    .....                   (no boots)
Stlth   ..........              (no amulet)
HPRegen 0.22/turn               j - ring of resist corrosion
MPRegen 0.10/turn               t - +4 ring of protection

@: mesmerised
A: horns 2, retaliatory headbutt
a: Renounce Religion, Berserk, Trog's Hand


You were on level 6 of the Dungeon.
You worshipped Trog.
Trog was most pleased with you.
You visited 1 branch of the dungeon, and saw 6 of its levels.

You collected 223 gold pieces.

Inventory:

Hand Weapons
 a - a +0 hand axe
 v - a +0 war axe (weapon)
Armour
 q - a +0 chain mail (worn)
Jewellery
 j - a ring of resist corrosion (left hand)
 t - a +4 ring of protection (right hand)
Wands
 m - a wand of roots (23)
 p - a wand of flame (21)
Scrolls
 b - a scroll of amnesia {unknown}
 d - a scroll of torment {unknown}
 f - a scroll of magic mapping
 g - a scroll of fog {unknown}
 i - a scroll of brand weapon {unknown}
 r - a scroll of immolation
 u - a scroll of poison {unknown}
 w - a scroll of enchant armour {unknown}
 x - 4 scrolls of teleportation
Potions
 c - a potion of berserk rage {unknown}
 e - 3 potions of heal wounds
 h - 3 potions of might
 k - a potion of haste {unknown}
 l - 2 potions of lignification
 n - a potion of mutation {unknown}
 o - a potion of attraction {unknown}
 s - a potion of brilliance {unknown}
 z - a potion of cancellation {unknown}
 A - a potion of magic {unknown}


   Skills:
 * Level 7.7 Fighting
 + Level 6.0 Axes
 + Level 5.5 Armour
 + Level 4.9 Dodging
 + Level 3.4 Evocations


You had 7 spell levels left.
You didn't know any spells.
Your spell library was empty.

Dungeon Overview and Level Annotations

Branches:
Dungeon (6/15)             Temple (0/1) D:5

Altars:
Kikubaaqudgha

Annotations:
D:4 1 runed translucent door, Crazy Yiuf
D:6 Maggie


Innate Abilities, Weirdness & Mutations

You have a pair of horns on your head.
You reflexively headbutt those who attack you in melee.


Message History

Maggie hits you with a +2 scimitar of flaming!
Maggie burns you.
You closely miss Maggie. You headbutt Maggie, but do no damage.
Maggie is heavily wounded.
Maggie hits you but does no damage.
Your skin crawls.
You feel strong-willed.
You feel the effects of Trog's Hand fading.
Maggie points at you and mumbles some strange words.
The bolt of fire hits you!
* * * LOW HITPOINT WARNING * * *
You hit Maggie but do no damage. Your headbutt misses Maggie.
Maggie is heavily wounded.
Maggie says, "Fear not.
I will immortalize you in the tale of my first kill."
Maggie zaps a wand.
The puff of flame hits you.
* * * LOW HITPOINT WARNING * * *
You hit Maggie.
Maggie is heavily wounded.
Maggie zaps a wand.
The puff of flame hits you.
* * * LOW HITPOINT WARNING * * *
Maggie zaps a wand.
The puff of flame hits you!
* * * LOW HITPOINT WARNING * * *
You barely miss Maggie. You headbutt Maggie, but do no damage.
Maggie is heavily wounded.
Maggie hits you but does no damage.
You barely miss Maggie.
Maggie is heavily wounded.
Maggie casts a spell.
Maggie draws you further into her thrall.
You slash Maggie!
Maggie is heavily wounded.
Your skin stops crawling.
You feel less strong-willed.
Maggie hits you with a +2 scimitar of flaming!
* * * LOW HITPOINT WARNING * * *
Maggie burns you.
* * * LOW HITPOINT WARNING * * *
You hit Maggie but do no damage. You headbutt Maggie.
Maggie is severely wounded.
Maggie hits you with a +2 scimitar of flaming!
You die...

#.............
#.#..#########
#.#..# #.#.@#
#.#..# #.#..#
### #.#..# #.$..
#....#######.>.#
##...@@........#
#.#†#######.###
############.#>#
#
#..............#
..............##
.###.#######..#
......# #..#
####.## #..# #
#.# #..#


You could see Maggie (mesmerising).

Vanquished Creatures
  Grinder (D:5)
  An ogre (D:4)
  A black bear (D:5)
  2 phantoms (D:4)
  A necrophage (D:5)
  4 scorpions
  A howler monkey (D:4)
  2 orc priests
  Ijyb (D:4)
  2 iguanas (D:5)
  2 orc wizards (D:3)
  Robin (D:4)
  3 gnolls (D:3)
  5 adders
  5 dart slugs
  17 orcs
  4 bats
  5 endoplasms
  8 giant cockroaches
  14 goblins
  11 hobgoblins
  13 kobolds
  4 quokkas
  4 ball pythons
  6 frilled lizards
  4 rats
122 creatures vanquished.

Notes
Turn   | Place    | Note
-------+----------+-------------------------------------------
     0 | D:1      | venomsnake the Minotaur Berserker began the quest for the
                  | Orb.
     0 | D:1      | Reached XP level 1. HP: 19/19 MP: 0/0
    68 | D:1      | Reached XP level 2. HP: 27/27 MP: 1/1
   235 | D:1      | Found a faded altar of an unknown god.
  1235 | D:2      | Reached skill level 4 in Fighting
  1235 | D:2      | Reached XP level 3. HP: 12/33 MP: 2/2
  1505 | D:2      | Found an ancient bone altar of Kikubaaqudgha.
  1525 | D:2      | Reached ** piety under Trog
  1526 | D:2      | Reached skill level 1 in Evocations
  2178 | D:3      | Reached XP level 4. HP: 40/40 MP: 3/3
  2586 | D:3      | HP: 2/41 [poisoned by an adder]
  2587 | D:3      | Reached XP level 5. HP: 3/47 MP: 4/4
  3102 | D:3      | Reached skill level 5 in Fighting
  3970 | D:4      | Noticed Ijyb
  3992 | D:4      | Killed Ijyb
  4282 | D:4      | Noticed a phantom
  4294 | D:4      | Killed a phantom
  4295 | D:4      | Reached XP level 6. HP: 52/56 MP: 5/5
  4436 | D:4      | Reached *** piety under Trog
  4437 | D:4      | Reached skill level 5 in Axes
  4446 | D:4      | Noticed Robin
  4455 | D:4      | Killed Robin
  4456 | D:4      | Reached skill level 6 in Fighting
  4559 | D:4      | Reached XP level 7. HP: 33/63 MP: 6/6
  4946 | D:4      | Found a runed translucent door.
  4947 | D:4      | Noticed Crazy Yiuf
  5101 | D:5      | Entered Level 5 of the Dungeon
  5479 | D:5      | Noticed Grinder
  5530 | D:5      | Paralysed by Grinder for 2 turns
  5539 | D:5      | Killed Grinder
  5540 | D:5      | Reached skill level 7 in Fighting
  5540 | D:5      | Reached skill level 5 in Armour
  5540 | D:5      | Reached XP level 8. HP: 63/73 MP: 7/7
  5599 | D:5      | Found a staircase to the Ecumenical Temple.
  6575 | D:6      | Noticed Maggie
  6612 | D:6      | HP: 2/74 [Maggie/+2 scimitar of flaming (7)]
  6613 | D:6      | Demolished by Maggie

Illustrated notes

Levels and vault maps discovered:
D:1:      tarquinn_simple_flora_water_a, layout_basic,
          dreamdust_ecumenical_altar_statues
D:2:      layout_loops_ring, basic_altar, minmay_hexomino_f4
D:3:      layout_basic
D:4:      layout_rooms, kennysheep_another_room, uniq_ijyb,
          uniq_crazy_yiuf_cottage, uniq_robin
D:5:      black_bear_nest_1, layout_loops_corners, minmay_temple_entry_trees,
          uniq_grinder
D:6:      wad_guarded_room, layout_loops_ring, uniq_maggie

Skill      XL: |  1  2  3  4  5  6  7  8 |
---------------+-------------------------+-----
Fighting       | 4 5 6 7 |  7.7
Axes           | 4 5 6 |  6.0
Evocations     | 1 2 3 |  3.4
Armour         | 3 4 5 |  5.5
Dodging        | 3 4 |  4.9

Action                   |  1- 3 |  4- 6 |  7- 9 || total
-------------------------+-------+-------+-------++-------
Melee: Hand axe          |   105 |   156 |     1 ||   262
       Headbutt          |     9 |    22 |    18 ||    49
       Punch             |     1 |     1 |     1 ||     3
       War axe           |       |       |    76 ||    76
Throw: Stone             |       |     6 |    44 ||    50
Invok: Berserk           |       |     1 |       ||     1
       Trog's Hand       |       |       |     2 ||     2
Evoke: Wand              |     1 |       |       ||     1
  Use: Scroll            |       |     4 |     2 ||     6
Armor: Animal skin       |     5 |       |       ||     5
       Ring mail         |    27 |       |       ||    27
       Chain mail        |     8 |    89 |    66 ||   163
Dodge: Dodged            |    59 |    44 |    52 ||   155
